 Dungeon Crawl Stone Soup version 0.27.1-2-g3b301248ec (webtiles) character file.

Game seed: 17639988773745708829

37608 ABBCCCDDDD the Cleaver (level 13, -3/84 HPs)
             Began as an Octopode Abyssal Knight on Sept 28, 2021.
             Was the Champion of Lugonu.
             Slain by a catoblepas (21 damage)
             ... on level 6 of the Lair of Beasts.
             The game lasted 00:47:45 (26743 turns).

ABBCCCDDDD the Cleaver (Octopode Abyssal Knight)   Turns: 26743, Time: 00:47:46

Health: -3/84      AC:  3    Str: 11    XL:     13   Next: 97%
Magic:  0/22       EV: 14    Int: 25    God:    Lugonu [******]
Gold:   981        SH:  5    Dex: 12    Spells: 10/24 levels left

rFire    . . .     SeeInvis .   e - +3 broad axe (venom)
rCold    . . .     Faith    .   y - +0 buckler
rNeg     . . .     Spirit   +   r - +2 hat
rPois    .         Reflect  .   t - amulet of guardian spirit
rElec    .         Harm     .   q - +6 ring of intelligence
rCorr    .         Rampage  .   N - ring of wizardry
Will     .....                  (no ring)
Stlth    ++++......             (no ring)
HPRegen  1.24/turn              (no ring)
MPRegen  0.18/turn              (no ring)
                                (no ring)
                                (no ring)

@: about to teleport, marked, freezing walls, hasted, very quick
A: almost no armour, amphibious, 8 rings, camouflage 1, gelatinous body 1,
(nimble swimmer 1), tentacles, tentacle spike 1, frail 1, regeneration 1,
evolution 1
a: Renounce Religion, Depart the Abyss, Bend Space, Banish, Corrupt, Enter the
Abyss, Brand Weapon With Distortion


You were on level 6 of the Lair of Beasts.
You worshipped Lugonu.
Lugonu was exalted by your worship.
You visited 4 branches of the dungeon, and saw 21 of its levels.
You visited the Abyss 1 time.

You collected 981 gold pieces.

Inventory:

Hand Weapons
 c - a +1 dagger of protection
 e - a +3 broad axe of venom (weapon)
 C - a +1 eveningstar of protection
Missiles
 s - 12 javelins
 v - 26 poisoned darts (quivered)
 L - 8 curare-tipped darts
Armour
 r - a +2 hat (worn)
 y - a +0 buckler (worn)
Jewellery
 q - a +6 ring of intelligence (left tentacle)
 t - an amulet of guardian spirit (around mantle)
 w - an amulet of faith
 I - an amulet of reflection
 M - an amulet of the acrobat
 N - a ring of wizardry (right tentacle)
Wands
 a - a wand of flame (14)
 j - a wand of iceblast (3)
 o - a wand of polymorph (6)
 p - a wand of paralysis (9)
 J - a wand of acid (10)
Scrolls
 b - 3 scrolls of fog
 f - 2 scrolls of amnesia
 i - 4 scrolls of enchant armour
 k - a scroll of magic mapping
 n - 3 scrolls of silence
 x - a scroll of immolation
 z - 2 scrolls of teleportation
 H - 2 scrolls of fear
Potions
 d - 3 potions of flight
 g - 2 potions of degeneration
 h - 5 potions of curing
 l - a potion of haste
 m - 4 potions of lignification {unknown}
 u - 2 potions of magic {unknown}
 A - 2 potions of attraction {unknown}
 B - a potion of cancellation {unknown}
 D - 4 potions of brilliance {unknown}
 E - 2 potions of ambrosia
 F - 2 potions of might {unknown}
 G - a potion of heal wounds
 K - 4 potions of mutation


   Skills:
 - Level 10.8 Fighting
 + Level 12.4(12.5) Axes
 - Level 2.0(8.4) Maces & Flails
 - Level 3.8 Dodging
 - Level 5.0 Stealth
 - Level 4.0 Shields
 + Level 6.0 Spellcasting
 + Level 7.0 Conjurations
 - Level 1.0 Translocations
 - Level 6.0 Fire Magic
 + Level 8.8 Ice Magic
 - Level 2.0 Invocations
 - Level 8.0 Evocations


You had 10 spell levels left.
You knew the following spells:

 Your Spells              Type           Power      Damage    Failure   Level
a - Frozen Ramparts       Ice            100%       1d12      1%          3
b - Sticky Flame          Conj/Fire      40%        2d6       1%          4
c - Blink                 Tloc           N/A        N/A       3%          2
d - Freezing Cloud        Conj/Ice/Air   16%        6-21      10%         5

Your spell library contained the following spells:

 Spells                   Type           Power      Damage    Failure   Level
 Foxfire                  Conj/Fire      100%       2x1d9     1%          1
 Static Discharge         Conj/Air       25%        N/A       1%          2
 Conjure Flame            Conj/Fire      40%        6-21      1%          3
 Inner Flame              Hex/Fire       22%        N/A       2%          3
 Animate Skeleton         Necr           14%        N/A       3%          1
 Pain                     Necr           28%        1d5       3%          1
 Corpse Rot               Necr/Air       N/A        N/A       4%          2
 Passwall                 Tmut/Erth      5%         N/A       4%          2
 Ice Form                 Ice/Tmut       29%        N/A       4%          4
 Summon Ice Beast         Ice/Summ       29%        N/A       4%          4
 Lesser Beckoning         Tloc           6%         N/A       6%          3
 Swiftness                Air            7%         N/A       9%          3
 Vampiric Draining        Necr           3%         2d6       9%          3
 Lightning Bolt           Conj/Air       12%        1d26      19%         5
 Cause Fear               Hex            3%         N/A       28%         4
 Dispel Undead            Necr           7%         3d8       28%         4
 Manifold Assault         Tloc           12%        N/A       45%         5
 Simulacrum               Ice/Necr       14%        N/A       56%         6
 Death Channel            Necr           3%         N/A       98%         6
 Invisibility             Hex            3%         N/A       98%         6
 Discord                  Hex            3%         N/A       100%        8
 Maxwell's Capacitive Co  Air            3%         ∞         100%        8
 Polar Vortex             Ice            25%        N/A       100%        9


Dungeon Overview and Level Annotations

Branches:
Dungeon (13/15)            Temple (1/1) D:5            Lair (6/6) D:8
  Swamp (0/4) Lair:3        Snake (0/4) Lair:2        Slime (0/5) Lair:6
    Orc (1/2) D:9
 Vaults: D:13-14

Altars:
Ashenzari
Dithmenos
Elyvilon
Jiyva

Annotations:
D:6 2 transporters
D:8 Erica
D:9 exclusions: two-headed ogre and wraith
D:10 exclusion: 2 downstairs
D:11 exclusion: acid dragon, Fannar, Harold, Sonja
D:13 exclusion: hydra
Lair:2 exclusion: downstairs
Lair:3 exclusion: hydra
Lair:5 3 runed translucent doors, Luam's ghost, journeyman OpFi


Innate Abilities, Weirdness & Mutations

You cannot wear most types of armour.
You are amphibious.
You can wear up to eight rings at the same time.
Your skin changes colour to match your surroundings (Stealth+).
Your rubbery body absorbs attacks. (AC +1, EV +1)
((You are camouflaged near water. (Stealth+)))
You have tentacles for arms and can constrict up to eight enemies at once.
One of your tentacles bears a spike.
You are frail. (-10% HP)
Your natural rate of healing is unusually fast.
You evolve.


Message History

The catoblepas is moderately wounded.
The iceblast engulfs the bush!
The bush is severely damaged.
The iceblast engulfs the yak!
The yak is moderately wounded.
The iceblast engulfs the yak!!
The yak is heavily wounded.
You feel sick.
The catoblepas breathes a plume of calcifying dust at you.
The blast of calcifying dust hits the yak.
The blast of calcifying dust hits you!
Something stings the fungus!!
The wall freezes the yak.
You hit the yak.
The yak is poisoned.
Your tentacle spike misses the yak.
The yak is heavily wounded.
You slash the bush! You hit the yak but do no damage.
The yak is poisoned.
You feel sick.
The wall freezes the yak!
The yak gores you!
The yak gores the bush but does no damage.
The catoblepas breathes a plume of calcifying dust at you.
The blast of calcifying dust hits the yak.
The blast of calcifying dust hits you.
You slash the yak!
You kill the yak!
Lugonu accepts your kill.
You hit the bush but do no damage. You barely miss the yak.
A nearby fungus withers and dies.
The wall freezes the yak.
The yak gores you!
* * * LOW HITPOINT WARNING * * *
Your Spellcasting skill increases to level 6!
As you read the scroll of teleportation, it crumbles to dust.
You feel strangely unstable.
You feel sick.
The yak gores the bush but does no damage.
The wall freezes the yak.
The yak misses you.
You hit the catoblepas but do no damage.
The catoblepas is poisoned.
You pierce the catoblepas, but do no damage.
The catoblepas is moderately wounded.
You closely miss the yak. You hit the bush but do no damage.
You feel sick.
You are no longer poisoned.
The yak gores the bush.
The wall freezes the catoblepas!
The catoblepas gores you!!
You die...

#P.....P.....###...
#..Y.....†.....##..
##P........#.....Y.
#.PP...........#P..
#.PP.P.#.##.....$..
##.PP§F......#......
#§§PY§..............
##§§#PYF...........P#
#####.§§@YYl...l.........
#P....###Y§§.............
##...## ###..............
♣♣# ###.#..#
#..............
♣..####..#.###
##.............
♣...#....##
#............. ♣.....###
#P............ ♣...P.#
#P............ ♣♣.....#
###...........


You could see a death yak, a catoblepas (poisoned), 3 yaks, a cane toad and a
wyvern.

Levels and vault maps discovered:
D:1:      dpeg_arrival_rooms_a, layout_loops_ring, minivault_14,
          minmay_misc_feat_encased, minivault_19, chequers_big_river
D:2:      minmay_general_purpose_star, layout_loops_ring, basic_altar,
          hellmonk_ecumenical_altar_run_dry, serial_rivers,
          chequers_serial_rivers_micro_a, chequers_serial_rivers_micro_b,
          chequers_serial_rivers_small_a, chequers_serial_rivers_marsh,
          chequers_serial_rivers_micro_a, chequers_serial_rivers_micro_b
D:3:      layout_rooms, minivault_11, uniq_sigmund, uniq_grinder
D:4:      layout_loops_ring
D:5:      layout_basic, minmay_temple_entry_offerings
D:6:      layout_loops_ring, gammafunk_ghost_hive
D:7:      lemuel_bear_cage, layout_basic, old_standard_altar
D:8:      minmay_evil_eye, layout_gridville, david_lair_generic
D:9:      layout_roguey, hiddenorc2_lemuel, uniq_erica
D:10:     layout_cave_pools
D:11:     layout_roguey [special_room_orc], serial_shops,
          nicolae_shop_window_shopping, water_boxes_lemuel, uniq_fannar,
          uniq_sonja, uniq_harold, uniq_grum
D:12:     minmay_bad_star, layout_loops_ring
D:13:     layout_loops_ring, hangedman_vaults_entry_quadrant_bands,
          nicolae_wu_jian_glorious_leap
Temple:   roderic_octagonal_lattice_temple
Lair:1:   layout_cave_pods, grunt_megastairs_2, uniq_prince_ribbit2, uniq_maggie
Lair:2:   layout_chaotic_city, minmay_snake_entry_six_corridors,
          serial_bayou_shore_b, grunt_megastairs_3
Lair:3:   layout_cave_shapes, minmay_swamp_entry_swarm, uniq_rupert, uniq_urug
Lair:4:   layout_loops_ring, basic_altar, chequers_serial_rivers_micro_a,
          lemuel_fruit_tree
Lair:5:   layout_long_grid, gammafunk_ghost_ooze
Lair:6:   hellmonk_lair_end_abyssal_woods, layout_cave_pods, slime_altar_1,
          chequers_serial_rivers_small_a
Orc:1:    layout_caves, serial_shops, shop_fountains

Notes
Turn   | Place    | Note
-------+----------+-------------------------------------------
     0 | Abyss:1  | ABBCCCDDDD the Octopode Abyssal Knight began the quest for
                  | the Orb.
     0 | Abyss:1  | Reached XP level 1. HP: 16/16 MP: 2/2
     2 | Abyss:1  | Found a corrupted altar of Lugonu.
    65 | Abyss:2  | Noticed a neqoxec
    82 | D:1      | Escaped the Abyss
   370 | D:1      | Reached * piety under Lugonu
   371 | D:1      | Reached XP level 2. HP: 16/21 MP: 3/3
   444 | D:1      | Reached skill level 1 in Stealth
   548 | D:1      | Reached skill level 1 in Axes
  1274 | D:2      | Reached XP level 3. HP: 25/26 MP: 4/4
  1595 | D:2      | Found a white marble altar of Elyvilon.
  1913 | D:2      | Found a faded altar of an unknown god.
  2142 | D:2      | Reached XP level 4. HP: 29/33 MP: 5/5
  2378 | D:3      | Noticed Grinder
  2384 | D:3      | Reached ** piety under Lugonu
  2396 | D:3      | Killed Grinder
  2397 | D:3      | Reached skill level 3 in Axes
  2397 | D:3      | Reached XP level 5. HP: 25/38 MP: 6/6
  2397 | D:3      | Reached XP level 6. HP: 29/44 MP: 7/7
  2788 | D:3      | Noticed Sigmund
  2796 | D:3      | Killed Sigmund
  2797 | D:3      | Reached skill level 5 in Stealth
  2797 | D:3      | Reached skill level 1 in Evocations
  3044 | D:3      | Reached XP level 7. HP: 18/49 MP: 8/8
  3053 | D:3      | Reached skill level 5 in Fighting
  4063 | D:5      | Entered Level 5 of the Dungeon
  4098 | D:5      | Reached skill level 4 in Axes
  4402 | D:5      | Found a staircase to the Ecumenical Temple.
  5937 | D:6      | Reached XP level 8. HP: 56/57 MP: 9/9
  6004 | D:6      | Found a transporter.
  6012 | D:6      | Noticed a hornet
  6116 | D:6      | Reached skill level 5 in Axes
  6310 | D:6      | Found a transporter.
  7056 | D:6      | Reached *** piety under Lugonu
  7392 | D:7      | Reached skill level 5 in Evocations
  7594 | D:7      | Found a broken altar of Ashenzari.
  7638 | D:7      | Reached skill level 6 in Axes
  8042 | D:7      | Found a huge runed translucent gate.
  8043 | D:7      | Found a huge runed translucent gate.
  8045 | D:7      | Found a huge runed translucent gate.
  8046 | D:7      | Found a huge runed translucent gate.
  8046 | D:7      | Noticed a manticore
  8046 | D:7      | Noticed a wyvern
  8046 | D:7      | Noticed a polar bear
  8046 | D:7      | Noticed a dream sheep
  8046 | D:7      | Noticed a polar bear
  8046 | D:7      | Noticed a yak
  8047 | D:7      | Noticed a polar bear
  8047 | D:7      | Noticed a polar bear
  8056 | D:7      | Noticed a polar bear
  8395 | D:8      | Reached XP level 9. HP: 56/64 MP: 7/10
  8495 | D:8      | Noticed a two-headed ogre
  8672 | D:8      | Noticed a death yak
  9428 | D:9      | Noticed Erica
  9435 | D:8      | Noticed a two-headed ogre
  9618 | D:7      | Reached skill level 7 in Axes
 11198 | Temple   | Entered the Ecumenical Temple
 11453 | D:8      | Found a staircase to the Lair.
 11489 | D:8      | Reached skill level 8 in Axes
 12188 | D:9      | Noticed a two-headed ogre
 12551 | D:9      | Reached XP level 10. HP: 74/74 MP: 11/11
 13249 | D:9      | Found a staircase to the Orcish Mines.
 13252 | D:9      | Reached **** piety under Lugonu
 13283 | D:9      | Reached skill level 9 in Axes
 13776 | D:10     | Entered Level 10 of the Dungeon
 14594 | Orc:1    | Entered Level 1 of the Orcish Mines
 14892 | D:11     | Noticed Fannar
 14892 | D:11     | Noticed a boulder beetle
 14992 | D:12     | Noticed a deep elf pyromancer
 15378 | D:10     | Reached skill level 10 in Fighting
 15535 | D:10     | HP: 5/114 [wyvern (14)]
 15535 | D:10     | HP: 2/114 [wyvern (3)]
 15903 | D:10     | Reached skill level 10 in Axes
 15906 | D:10     | HP: 5/115 [poisoned by a killer bee]
 15907 | D:10     | HP: 2/77 [poisoned by a killer bee]
 17774 | D:11     | Noticed Sonja
 17869 | D:11     | Noticed Harold
 17931 | D:13     | Learned a level 3 spell: Frozen Ramparts
 17951 | D:13     | Noticed a deep elf pyromancer
 17977 | D:13     | Noticed a six-headed hydra
 18022 | D:12     | Noticed a cyclops
 18081 | D:11     | Gained mutation: You evolve. [potion of mutation]
 18081 | D:11     | Gained mutation: You are frail. (-10% HP) [potion of
                  | mutation]
 18081 | D:11     | Gained mutation: Your natural rate of healing is unusually
                  | fast. [potion of mutation]
 18088 | D:11     | Noticed an orc knight
 18088 | D:11     | Noticed a cyclops
 18326 | D:11     | Reached skill level 1 in Shields
 18448 | D:11     | Reached skill level 1 in Ice Magic
 18448 | D:11     | Reached XP level 11. HP: 73/73 MP: 12/12
 18503 | D:11     | Reached skill level 1 in Spellcasting
 18889 | D:9      | Gained mutation: You tend to lose your temper in combat.
                  | [evolution]
 18919 | D:7      | Killed a two-headed ogre
 19336 | D:7      | Reached ***** piety under Lugonu
 19503 | D:7      | Reached skill level 11 in Axes
 19739 | D:7      | Killed a manticore
 19898 | Lair:1   | Entered Level 1 of the Lair of Beasts
 20047 | Lair:1   | Reached skill level 5 in Ice Magic
 20377 | Lair:1   | Noticed Prince Ribbit
 20395 | Lair:1   | Killed Prince Ribbit
 20707 | Lair:1   | Learned a level 4 spell: Sticky Flame
 21060 | Lair:1   | Noticed Maggie
 21070 | Lair:1   | Killed Maggie
 21071 | Lair:1   | Reached skill level 1 in Conjurations
 21071 | Lair:1   | Reached skill level 1 in Fire Magic
 21071 | Lair:1   | Reached XP level 12. HP: 62/80 MP: 8/15
 21672 | Lair:2   | Found a staircase to the Snake Pit.
 22285 | Lair:2   | Learned a level 2 spell: Blink
 22574 | Lair:3   | Reached skill level 1 in Translocations
 22632 | Lair:3   | Noticed a death yak
 22633 | Lair:3   | Noticed a boulder beetle
 22635 | Lair:3   | Noticed a death yak
 22638 | Lair:3   | Noticed a death yak
 22647 | Lair:3   | Killed a death yak
 22651 | Lair:3   | Killed a boulder beetle
 22657 | Lair:3   | Killed a death yak
 22869 | Lair:3   | Reached skill level 5 in Spellcasting
 23055 | Lair:3   | Noticed Rupert
 23079 | Lair:2   | Killed a death yak
 23260 | Lair:3   | Noticed Urug
 23301 | Lair:2   | Reached XP level 13. HP: 67/84 MP: 8/20
 23411 | Lair:3   | Killed Urug
 23412 | Lair:3   | Reached skill level 5 in Conjurations
 23412 | Lair:3   | Reached skill level 5 in Fire Magic
 23433 | Lair:3   | Killed Rupert
 23675 | Lair:3   | Gained mutation: One of your tentacles bears a spike.
                  | [evolution]
 23874 | Lair:3   | Found a staircase to the Swamp.
 24222 | Lair:4   | Reached skill level 12 in Axes
 24397 | Lair:4   | Learned a level 5 spell: Freezing Cloud
 24752 | Lair:4   | Found a shadowy altar of Dithmenos.
 24842 | Lair:4   | You fall into a shaft and drop 2 floors!
 24842 | Lair:6   | Entered Level 6 of the Lair of Beasts
 25579 | Lair:5   | Found a runed translucent gate.
 25579 | Lair:5   | Found a runed translucent gate.
 25579 | Lair:5   | Found a runed translucent gate.
 25888 | Lair:4   | Lost mutation: You tend to lose your temper in combat.
                  | [evolution]
 26323 | Lair:5   | Noticed Luam's ghost (journeyman OpFi)
 26324 | Lair:5   | Noticed a quicksilver ooze
 26327 | Lair:5   | Found a viscous altar of Jiyva.
 26371 | Lair:6   | Found a staircase to the Slime Pits.
 26371 | Lair:6   | Found a viscous altar of Jiyva.
 26731 | Lair:6   | Reached ****** piety under Lugonu
 26743 | Lair:6   | Slain by a catoblepas

Table legend: (Time is in decaauts)
 A = Elapsed time spent in this place.
 B = Non-inter-level travel time spent in this place.
 C = Inter-level travel time spent in this place.
 D = Time resting spent in this place.
 E = Time spent auto-exploring this place.
 F = Levels seen in this place.
 G = Mean time per level.
                   A        B        C        D        E       F      G
               +--------+--------+--------+--------+--------+-----+--------+
         Total |  26895 |  24807 |   2088 |   8357 |  10786 |  23 | 1169.3 |
       Dungeon |  19917 |  18142 |   1775 |   6406 |   7406 |  13 | 1532.1 |
        Temple |      1 |      1 |      0 |      0 |      0 |   1 |    1.0 |
          Lair |   6874 |   6561 |    313 |   1951 |   3367 |   6 | 1145.7 |
  Orcish Mines |     20 |     20 |      0 |      0 |      7 |   1 |   20.0 |
         Abyss |     81 |     81 |      0 |      0 |      6 |   2 |   40.5 |
               +--------+--------+--------+--------+--------+-----+--------+

Top non-repeatable levels by time:
     D:9: 3267 daAuts
     D:7: 3066 daAuts
    D:10: 2400 daAuts
     D:5: 2256 daAuts
     D:6: 1781 daAuts
  Lair:2: 1640 daAuts
  Lair:1: 1530 daAuts
     D:8: 1324 daAuts
    D:11: 1310 daAuts
     D:2: 1174 daAuts
  Lair:3: 1123 daAuts
  Lair:5: 1093 daAuts
     D:1: 1080 daAuts
     D:4: 1058 daAuts
  Lair:4: 1040 daAuts

Table legend:
 A = Kills in this place as a percentage of kills in entire the game.
 B = Kills by you in this place as a percentage of kills by you in the entire game.
 C = Kills by friends in this place as a percentage of kills by friends in the entire game.
 D = Other kills in this place as a percentage of other kills in the entire game.
 E = Experience gained in this place as a percentage of experience gained in the entire game.
 F = Experience gained in this place divided by the number of levels of this place that you have seen.
                   A       B       C       D       E      F
               +-------+-------+-------+-------+-------+----------------------
         Total | 100.0 | 100.0 | 100.0 |   N/A | 100.0 | 2336.0
       Dungeon |  65.8 |  65.7 | 100.0 |   N/A |  26.8 | 1109.0
          Lair |  34.2 |  34.3 |   0.0 |   N/A |  73.2 | 6551.7
               +-------+-------+-------+-------+-------+----------------------

Action                   |  1- 3 |  4- 6 |  7- 9 | 10-12 | 13-15 || total
-------------------------+-------+-------+-------+-------+-------++-------
Melee: Dagger            |    96 |    44 |   403 |   110 |       ||   653
       Constrict         |    19 |     6 |    70 |    87 |    27 ||   209
       Tentacles         |    10 |     7 |    99 |    96 |    26 ||   238
       Broad axe         |     1 |       |    23 |   443 |   173 ||   640
       Kick              |       |       |       |       |    46 ||    46
Throw: Dart              |       |       |    83 |   130 |    14 ||   227
 Cast: Frozen Ramparts   |       |       |       |    35 |    23 ||    58
       Blink             |       |       |       |       |     1 ||     1
Invok: Depart the Abyss  |     1 |       |       |       |       ||     1
Evoke: Wand              |       |       |     7 |    13 |    14 ||    34
  Use: Scroll            |     3 |     4 |    14 |     6 |     4 ||    31
       Potion            |       |       |     3 |     4 |     2 ||     9
 Stab: Sleeping          |     6 |     3 |    18 |     1 |     2 ||    30
       Distracted        |       |       |       |     1 |       ||     1
       Paralysed         |       |       |       |     3 |     4 ||     7
       Petrified         |       |       |       |       |     5 ||     5
Armor: Skin              |    16 |    10 |   173 |    76 |    40 ||   315
Dodge: Dodged            |    60 |    22 |   334 |   315 |    69 ||   800
Block: Buckler           |       |       |       |    69 |    29 ||    98

Vanquished Creatures
  Rupert (Lair:3)
  A hydra (Lair:6)
  A boulder beetle (Lair:3)
  A two-headed ogre (D:7)
  3 death yaks
  Urug (Lair:3)
  A lindwurm (Lair:4)
  A manticore (D:7)
  6 black mambas
  10 elephants
  9 cane toads
  Maggie (Lair:1)
  10 komodo dragons
  2 trolls
  4 polar bears
  Prince Ribbit (Lair:1)
  Grinder (D:3)
  A hornet (Lair:5)
  19 blink frogs
  A dream sheep (D:7)
  Sigmund (D:3)
  28 yaks
  A wraith (D:11)
  4 wyverns
  A steam dragon (D:7)
  4 vampire mosquitoes (Lair:3)
  4 basilisks
  An acid dragon (D:10)
  15 water moccasins
  9 orc warriors
  A sky beast (D:6)
  6 black bears
  An ogre (D:5)
  14 wolves
  5 centaurs
  2 kobold brigands
  15 bullfrogs
  4 scorpions
  A wyvern skeleton (D:7)
  A water moccasin skeleton (D:5)
  9 killer bees
  3 howler monkeys (D:10)
  A centaur zombie (D:5)
  11 orc priests
  6 hounds
  2 jellies
  A bullfrog skeleton (D:7)
  2 centaur skeletons
  10 orc wizards
  A killer bee zombie (D:9)
  A howler monkey skeleton (D:6)
  3 adders
  A shadow imp (D:6)
  A white imp (D:7)
  2 worms (D:2)
  2 dart slugs
  67 orcs
  12 endoplasms
  3 giant cockroaches
  4 goblins
  7 hobgoblins
  4 jackals
  4 quokkas
  4 ball pythons
  5 bats
  5 frilled lizards
  13 kobolds
  2 rats
  A bush (Lair:4)
380 creatures vanquished.

Vanquished Creatures (collateral kills)
  An ogre (D:6)
1 creature vanquished.

Vanquished Creatures (others)
  21 fungi
  19 plants
40 creatures vanquished.

Grand Total: 421 creatures vanquished
